 Dungeon Crawl Stone Soup version 0.22-a0-609-gfedc9ff (webtiles) character file.

17 Amnesiac the Caller (level 2, -1/16 HPs)
             Began as a Deep Elf Summoner on July 10, 2018.
             Slain by a hobgoblin
             ... wielding a cursed -2 club
              (6 damage)
             ... on level 1 of the Dungeon.
             The game lasted 00:02:10 (1351 turns).

Amnesiac the Caller (Deep Elf Summoner)             Turns: 1351, Time: 00:02:11

Health: -1/16      AC:  2    Str:  5    XL:     2   Next: 44%
Magic:  2/8        EV: 13    Int: 19    God:
Gold:   11         SH:  0    Dex: 15    Spells: 4/7 levels left

rFire    . . .     SeeInvis .   a - -3 dagger (curse)
rCold    + . .     Gourm    .   (no shield)
rNeg     . . .     Faith    .   b - +0 robe
rPois    .         Spirit   .   (no helmet)
rElec    .         Reflect  .   (no cloak)
rCorr    .         Harm     .   (no gloves)
MR       .....                  (no boots)
Stlth    ++........             (no amulet)
HPRegen  0.05/turn              f - ring of protection from cold
MPRegen  0.11/turn              (no ring)

@: no status effects
A: no striking features
a: no special abilities


You were on level 1 of the Dungeon.
You were not hungry.

You visited 1 branch of the dungeon, and saw 1 of its levels.

You collected 11 gold pieces.

Inventory:

Hand Weapons
 a - a cursed -3 dagger (weapon)
Armour
 b - a +0 robe (worn)
Jewellery
 f - a ring of protection from cold (left hand)
Scrolls
 d - a scroll of teleportation {!r}
Comestibles
 c - a ration


   Skills:
 + Level 1.5 Fighting
 - Level 2.4 Dodging
 - Level 2.4 Stealth
 - Level 3.0 Spellcasting
 - Level 4.5 Summonings


You had 4 spell levels left.
You knew the following spells:

 Your Spells              Type           Power        Failure   Level  Hunger
a - Call Imp              Summ           ###.....     3%          2    ##.....
b - Summon Small Mammal   Summ           ###.         2%          1    None

Your spell library contained the following spells:

 Spells                   Type           Power        Failure   Level  Hunger
 Summon Ice Beast         Ice/Summ       ##......     52%         4    ####...
 Call Canine Familiar     Summ           ###.....     7%          3    ###....
 Summon Lightning Spire   Summ/Air       ##......     52%         4    ####...
 Summon Guardian Golem    Hex/Summ       ##......     19%         3    ###....


Dungeon Overview and Level Annotations

Branches:
Dungeon (1/15)

Altars:


Message History

t - Shout!
Orders for allies: a - Attack new target. p - Attack previous target. r - Retreat! s - Stop attacking. g - Guard the area. f - Follow me.
Anything else - Cancel.
Gang up on whom?
Press: ? - help, Dir - move target cursor, f/p - dart slug
Aim: a dart slug (moderately wounded, clinging)
Okay, then.
Casting: Summon Small Mammal (safe; 2% risk of failure)
Confirm with . or Enter, or press ? or * to list all spells.
The dart slug launches a dart at you. The slug dart misses your rat.
The slug dart hits your bat.
Your bat dies!
Your bat's corpse disappears in a puff of smoke!
The dart slug dies!
Adjust (i)tems, (s)pells, or (a)bilities?
Adjust which spell? b - Call Imp Adjust to which letter? a - Call Imp; b - Summon Small Mammal You start resting.
Your rat disappears in a puff of smoke!
Magic restored.
You start resting.
Your quokka disappears in a puff of smoke!
All of the chunks of flesh in your inventory have rotted away.
HP restored.
A frilled lizard comes into view.
Found 11 gold pieces.
A frilled lizard is nearby!
A frilled lizard is nearby!
Okay, then.
A hobgoblin comes into view. It is wielding a club.
You barely miss the frilled lizard.
You hit the frilled lizard but do no damage.
The frilled lizard bites you.
You hit the frilled lizard but do no damage.
The frilled lizard bites you but does no damage.
Casting: Summon Small Mammal (safe; 2% risk of failure)
Confirm with . or Enter, or press ? or * to list all spells.
A beastly little devil appears in a puff of flame.
Your crimson imp says, "I commit to your service, O illustrious and god-like magnate!"
The frilled lizard misses you. The hobgoblin misses you.
Casting: Call Imp (safe; 3% risk of failure)
Confirm with . or Enter, or press ? or * to list all spells.
A beastly little devil appears in a puff of flame.
The frilled lizard bites you.
Casting: Call Imp (safe; 3% risk of failure)
Confirm with . or Enter, or press ? or * to list all spells.
A beastly little devil appears in a puff of frigid air.
The hobgoblin hits you but does no damage.
The frilled lizard barely misses you.
You hit the hobgoblin.
The hobgoblin is lightly wounded.
The frilled lizard bites you but does no damage.
The hobgoblin hits you with a club.
* * * LOW HITPOINT WARNING * * *
You barely miss the hobgoblin.
The hobgoblin is lightly wounded.
The frilled lizard bites you.
* * * LOW HITPOINT WARNING * * *
The hobgoblin hits you with a club.
You die...

#......# .#
#.####.# #. #.# #.#
#.# .. #.# #.# #.#
#.# #.### #.# #.#
#.# #...# # #.# #.#
##.###...###.# #.#
#.####.#..........#
#.#
#.....###.55....#
##.#
######.#..@l..$.#
...#####
##.##5g......#
.......#
#.##....#####
######>## #.##..###
#####.r.#####.##..#
......#.......##..#
#####...########(.#
# ##....r.......# #
######......##


You could see a hobgoblin, a frilled lizard, 2 friendly crimson imps and a
friendly white imp.

Vanquished Creatures
  A giant cockroach (D:1)
  A kobold (D:1)
  A goblin (D:1)
  A rat (D:1)
4 creatures vanquished.

Vanquished Creatures (collateral kills)
  An ooze (D:1)
  A dart slug (D:1)
  3 bats (D:1)
  2 giant cockroaches (D:1)
  A hobgoblin (D:1)
  4 jackals (D:1)
  2 kobolds (D:1)
  A rat (D:1)
15 creatures vanquished.

Grand Total: 19 creatures vanquished

Notes
Turn   | Place    | Note
-------+----------+-------------------------------------------
     0 | D:1      | Amnesiac the Deep Elf Summoner began the quest for the Orb.
     0 | D:1      | Reached XP level 1. HP: 10/10 MP: 6/6
   491 | D:1      | Reached skill level 1 in Fighting
   570 | D:1      | Reached XP level 2. HP: 14/16 MP: 5/8
   575 | D:1      | Learned a level 2 spell: Call Imp
  1351 | D:1      | Slain by a hobgoblin

Vault maps used:
D:1:      dpeg_arrival_tiny_j

Skill      XL: |  1 |
---------------+----+-----
Fighting       | 1 |  1.5
Dodging        | |  2.4
Stealth        | |  2.4
Spellcasting   | |  3.0
Summonings     | |  4.5

Action                   || total
-------------------------++-------
Melee: Dagger            ||    57
       Unarmed           ||     7
 Cast: Summon Small Mamm ||    22
       Call Imp          ||     3
  Use: Scroll            ||     1
 Stab: Sleeping          ||     3
  Eat: Chunk             ||     1
Armor: Robe              ||    13
Dodge: Dodged            ||    78

Table legend:
 A = Spawn XP
 B = Non-spawn XP
 C = Spawn XP percentage of total XP
 D = Spawn monster count
 E = Non-spawn monster count
 F = Spawn count percentage of total count
 G = Total turns spent on level
                    A         B        C        D         E        F      G
               +---------+---------+-------+---------+---------+-------+---------
         Total |       0 |      25 |   0.0 |       0 |      19 |   0.0 |  1351
               +---------+---------+-------+---------+---------+-------+---------
           D:1 |       0 |      25 |   0.0 |       0 |      19 |   0.0 |  1351
               +---------+---------+-------+---------+---------+-------+---------
